 Dungeon Crawl Stone Soup version 0.26-a0-43-g20b394c (webtiles) character file.

Game seed: 17455597165260051227

9 Cheivey the Skirmisher (level 2, 0/29 HPs)
             Began as a Gnoll Wanderer on June 2, 2020.
             Slain by a hobgoblin
             ... wielding a +0 club
              (5 damage)
             ... on level 1 of the Dungeon.
             The game lasted 00:01:00 (309 turns).

Cheivey the Skirmisher (Gnoll Wanderer)              Turns: 309, Time: 00:01:01

Health: 0/29       AC:  6    Str: 15    XL:     2   Next: 16%
Magic:  5/5        EV: 10    Int: 15    God:
Gold:   27         SH:  0    Dex: 12    Spells: 1/1 levels left

rFire    . . .     SeeInvis .   a - +0 club
rCold    . . .     Gourm    .   (no shield)
rNeg     . . .     Faith    .   b - +0 ring mail
rPois    .         Spirit   .   (no helmet)
rElec    .         Reflect  .   (no cloak)
rCorr    .         Harm     .   (no gloves)
MR       .....                  (no boots)
Stlth    +.........             (no amulet)
HPRegen  0.09/turn              (no ring)
MPRegen  0.09/turn              (no ring)

@: no status effects
A: distributed training, fangs 1, strong nose
a: no special abilities


You were on level 1 of the Dungeon.
You were not hungry.

You visited 1 branch of the dungeon, and saw 1 of its levels.

You collected 27 gold pieces.

Inventory:

Hand Weapons
 a - a +0 club (weapon)
Armour
 b - a +0 ring mail (worn)
Scrolls
 c - a scroll of teleportation
 e - a scroll of immolation {unknown}
 g - a scroll of fog {unknown}
 h - a scroll of identify {unknown}
 m - a scroll of magic mapping {unknown}
Potions
 i - a potion of haste {unknown}
 k - a potion of stabbing {unknown}
 l - a potion of brilliance {unknown}
Miscellaneous
 d - a phial of floods
Comestibles
 f - 2 rations
 j - a chunk of flesh


   Skills:
 + Level 6.4 Fighting
 + Level 0.3 Short Blades
 + Level 0.3 Long Blades
 + Level 2.4 Axes
 + Level 0.3 Maces & Flails
 + Level 0.3 Polearms
 + Level 0.3 Staves
 + Level 0.3 Slings
 + Level 0.3 Bows
 + Level 4.4 Crossbows
 + Level 0.3 Throwing
 + Level 4.4 Armour
 + Level 0.3 Dodging
 + Level 0.3 Stealth
 + Level 0.3 Shields
 + Level 0.3 Unarmed Combat
 + Level 0.3 Spellcasting
 + Level 0.2 Conjurations
 + Level 0.2 Hexes
 + Level 0.2 Charms
 + Level 0.2 Summonings
 + Level 0.2 Necromancy
 + Level 0.2 Translocations
 + Level 0.2 Transmutations
 + Level 0.2 Fire Magic
 + Level 0.2 Ice Magic
 + Level 0.2 Air Magic
 + Level 0.2 Earth Magic
 + Level 0.2 Poison Magic
 + Level 0.4 Invocations
 + Level 4.4 Evocations


You had one spell level left.
You didn't know any spells.
Your spell library was empty.

Dungeon Overview and Level Annotations

Branches:
Dungeon (1/15)

Altars:


Innate Abilities, Weirdness & Mutations

Your experience applies equally to all skills.
You have very sharp teeth.
Your uncanny sense of smell can sniff out nearby items.


Message History

You hit the hobgoblin.
You kill the hobgoblin!
The hobgoblin closely misses you. The frilled lizard barely misses you.
The hobgoblin misses you.
The frilled lizard bites you but does no damage.
You see here a hobgoblin corpse.
You hit the frilled lizard but do no damage.
The hobgoblin closely misses you.
The frilled lizard bites you but does no damage.
You miss the frilled lizard. Your bite misses the frilled lizard.
The hobgoblin misses you. The frilled lizard closely misses you.
You hit the frilled lizard but do no damage.
Your bite misses the frilled lizard.
The frilled lizard bites you but does no damage.
The hobgoblin hits you with a +0 club.
* * * LOW HITPOINT WARNING * * *
The frilled lizard bites you.
* * * LOW HITPOINT WARNING * * *
The hobgoblin hits you with a +0 club.
You die...

############### ..∆
#.......g......
....###.###(.@l......
..........#.##.....##
..######.#(#.# .......
...# #.#.#.# .....##
#...#####.#.#.# .....#
..#.# #.........#.#.#
.....+ #.#.#
#.........#.#.# .....#
#.#.#
##.........#.#.########
#.#.#
..>#.......#.#.#...#
#.#.#


You could see a hobgoblin and a frilled lizard.

Vanquished Creatures
  2 bats (D:1)
  A giant cockroach (D:1)
  A goblin (D:1)
  A hobgoblin (D:1)
  2 frilled lizards (D:1)
  2 rats (D:1)
9 creatures vanquished.

Notes
Turn   | Place    | Note
-------+----------+-------------------------------------------
     0 | D:1      | Cheivey the Gnoll Wanderer began the quest for the Orb.
     0 | D:1      | Cheivey set off with the following items: a +0 club, a +0
                  | ring mail, a scroll of teleportation, a phial of floods, a
                  | ration
     0 | D:1      | Reached XP level 1. HP: 23/23 MP: 3/3
    92 | D:1      | Reached XP level 2. HP: 23/29 MP: 5/5
   309 | D:1      | Slain by a hobgoblin

Illustrated notes

Levels and vault maps discovered:
D:1:      dpeg_arrival_water_temple_mockup, layout_basic

Action                   || total
-------------------------++-------
Melee: Club              ||    44
       Bite              ||     8
Armor: Ring mail         ||    56
Dodge: Dodged            ||    52

Table legend:
 A = Non-vault XP
 B = Vault XP
 C = Vault XP percentage of total XP
 D = Non-vault monster count
 E = Vault monster count
 F = Vault count percentage of total count
                 A         B        C        D         E       F
            +---------+---------+-------+---------+---------+-------
      Total |      14 |       0 |   0.0 |       9 |       0 |   0.0
            +---------+---------+-------+---------+---------+-------
        D:1 |      14 |       0 |   0.0 |       9 |       0 |   0.0
            +---------+---------+-------+---------+---------+-------
